Cogmind - Beta 16 @@@ ROGUE MODE // 2025.10.24 @ 17:01:58 Player: Moodge Result: Destroyed by G-34 Mercenary with Small Laser Performance ------------- Evolutions (0) 0 Regions Visited (1) 200 Robots Destroyed (9) 45 Value Destroyed (298) 298 Prototype IDs (0) 0 Alien Tech Used (0) 0 Bonus (0) 0 TOTAL SCORE: 543 Bonus ------- None Cogmind --------- Core Integrity 0/250 Matter 295/350 Energy 160/160 System Corruption 0% Temperature Cool (27) Movement Walking (190) Ox1 Location -10/Materials Parts ------- > --- POWER (1) -------- Light Nuclear Core > --- PROPULSION (2) --- Aluminum Leg > --- UTILITY (2) ------ Medium Storage Unit Small Matter Pod > --- WEAPON (2) ------- (None) > --- INVENTORY (10) --- Ion Engine Light Ion Engine Heat Sink Improved Heat Sink Structural Scanner Terrain Scanner Datajack Peak State ------------ > --- POWER ------------ Light Nuclear Core > --- PROPULSION ------- Aluminum Leg Wheel > --- UTILITY ---------- Medium Storage Unit Small Matter Pod > --- WEAPON ----------- Small Laser > --- INVENTORY -------- Ion Engine Light Ion Engine Aluminum Leg Aluminum Leg Heat Sink Improved Heat Sink Structural Scanner Terrain Scanner Grenade Launcher [Rating: 9] Favorites ----------- Power Light Ion Engine Engine Light Ion Engine Power Core Light Nuclear Core Propulsion Light Treads Treads Light Treads Leg Aluminum Leg Wheel Wheel Utility Medium Storage Unit Storage Medium Storage Unit Weapon Light Assault Rifle Energy Gun Small Laser Ballistic Gun Light Assault Rifle Launcher Grenade Launcher Build | -11 -10 ------- Run | Yrd Mat Slots Evolved . | . . Power . | . . Propulsion . | . . Utility . | . . Weapon . | . . Parts Attached 18 | 9 9 Power 3 | 1 2 Engine 2 | 1 1 Core 1 | . 1 Reactor . | . . Propulsion 7 | 4 3 Treads 2 | 2 . Leg 3 | . 3 Wheel 2 | 2 . Hover . | . . Flight . | . . Utility 3 | 1 2 Device . | . . Storage 3 | 1 2 Processor . | . . Hackware . | . . Protection . | . . Artifact . | . . Weapon 5 | 3 2 Energy Gun 2 | 1 1 Energy Cannon . | . . Ballistic Gun 2 | 2 . Ballistic Cannon . | . . Launcher 1 | . 1 Special Weapon . | . . Impact Weapon . | . . Slashing Weapon . | . . Piercing Weapon . | . . Special Melee Weapon . | . . Unidentified Prototypes . | . . Parts Lost 7 | . 7 Power 1 | . 1 Propulsion 3 | . 3 Utility . | . . Weapon 3 | . 3 Highest Loss Streak 5 | . 5 To Critical Strikes . | . . Average Backups 4 | 2 4 Power 1 | . 1 Propulsion . | 1 . Utility 2 | . 2 Weapon . | . . Tool/Special . | . . Unused Backups 8 | 2 6 Power 2 | . 2 Propulsion 2 | 2 . Utility 4 | . 4 Weapon . | . . Tool/Special . | . . Average Slot Usage (%) 80 | . 80 Engine 9 | . 9 Core 4 | . 4 Treads 17 | . 17 Leg 7 | . 7 Wheel 1 | . 1 Storage 18 | . 18 Energy Gun 1 | . 1 Ballistic Gun 17 | . 17 Launcher 3 | . 3 Peak Build Rating 9 | 6 9 Average Rating 6 | 4 6 On Entrance 3 | . 6 Avg Prop Armor Cover (%) . | . . Naked Turns . | . . Heaviest Build 19 | 10 19 Greatest Support 40 | 40 40 Greatest Overweight (x) 3 | . 3 Average Overweight (x) . | . . Largest Inventory Capacity 10 | 8 10 Average Capacity 9 | 7 9 Most Carried 10 | 7 10 Average Carried 4 | 2 5 Final Capacity 10 | 8 10 Final Carried 7 | 2 7 Class Distribution -------------------- 100% | Mutant Dominant Class ---------------- Mutant | -10/Materials Resources | -11 -10 ----------- Run | Yrd Mat Matter Collected 452 | 230 222 Remotely . | . . Salvage Created 284 | . 284 Parts 16 | . 16 Haulers Intercepted . | . . Recyclers Shooed . | . . Parts Field Recycled . | . . Retrieved Matter . | . . Parts Self-Destructed . | . . Prevented . | . . Parts Restored . | . . Kills | -11 -10 ------- Run | Yrd Mat Combat Hostiles Destroyed 7 | . 7 Guns 5 | . 5 AOE 2 | . 2 Classes Destroyed 3 | . 3 Builder 1 | . 1 Recycler 1 | . 1 Grunt 7 | . 7 Best Kill Streak 3 | . 3 Combat Bots Only 3 | . 3 Max Kills in Single Turn 2 | . 2 Gunslinging . | . . Exploded 1 | . 1 Melee . | . . Uniques/NPCs Destroyed . | . . Combat | -11 -10 -------- Run | Yrd Mat Hostile Shots Fired 100 | . 100 Missed 25 | . 25 Hits 75 | . 75 Projectile 75 | . 75 Critical Strikes 1 | . 1 Damage Taken 1128 | . 1128 Core 252 | . 252 Absorbed by Shields . | . . Core Remaining (%) 100 | 100 . Volleys Fired 43 | . 43 Largest 2 | . 2 Hottest 40 | . 40 Shots Fired 56 | . 56 Gun 50 | . 50 Cannon . | . . Launcher 6 | . 6 Special . | . . Kinetic 42 | . 42 Thermal 8 | . 8 Explosive 6 | . 6 Electromagnetic . | . . Robot Hit Streak 17 | . 17 Robot Miss Streak 4 | . 4 Penetration Max . | . . Secondary Targets 3 | . 3 Max Gunslinging Chain 1 | . 1 Shots Hit Robots 42 | . 42 Core Hits 22 | . 22 Critical Kills . | . . Critical Parts Destroyed . | . . Critical Strikes . | . . Melee Attacks . | . . Impact . | . . Slashing . | . . Piercing . | . . Sneak Attacks . | . . Combat Hostiles . | . . Follow-up Attacks . | . . Damage Inflicted 522 | . 522 Guns 328 | . 328 Cannons . | . . Explosions 194 | . 194 Melee . | . . Ramming . | . . Kinetic 242 | . 242 Thermal 86 | . 86 Explosive 194 | . 194 Electromagnetic . | . . Impact . | . . Slashing . | . . Piercing . | . . Highest Corruption . | . . Average Corruption . | . . Corruption Purged . | . . Corruption Blocked . | . . Overload Shots . | . . Overflow Damage . | . . Projectiles . | . . Explosions . | . . Melee . | . . Knockbacks . | . . Impact . | . . Kinetic . | . . Secondary . | . . Self-Inflicted Damage 140 | . 140 Shots 4 | . 4 Rammed . | . . Targets Rammed . | . . Kicked . | . . Crushed . | . . Highest Temperature 72 | . 72 Average Temperature 20 | . 20 Received Heat Transfer 585 | . 585 Siege Activations . | . . Martial Activations . | . . Shielding Activations . | . . Robots Disrupted . | . . Combat Hostiles . | . . Robots Corrupted . | . . Combat Hostiles . | . . Parts Fried . | . . Impact Corruptions . | . . Robots Melted . | . . Combat Hostiles . | . . Parts Melted 1 | . 1 Heat Transferred 200 | . 200 Parts Sabotaged . | . . Parts Stolen . | . . Parts Stripped . | . . Power Chain Reactions . | . . Alert | -11 -10 ------- Run | Yrd Mat Maximum Alert Level . | . . Low Security (%) 100 | 100 100 Level 1 . | . . Level 2 . | . . Level 3 . | . . Level 4 . | . . Level 5 . | . . High Security . | . . Max Security . | . . Peak Influence 76 | . 76 Initial . | . . Average 13 | . 15 Influence Increases 231 | . 231 Destroy 0b10 Robot/C 140 | . 140 Destroy 0b10 Robot/NC 10 | . 10 Destroy Leader 40 | . 40 Disable Machine 15 | . 15 Destroy Structure 26 | . 26 Influence Decreases 174 | . 174 Time Decay 104 | . 104 Lost Part 70 | . 70 Squads Dispatched 2 | . 2 Investigation 1 | . 1 Extermination . | . . Reinforcement 1 | . 1 Assault . | . . Garrison . | . . Intercept . | . . Searches Triggered . | . . Construction Impeded . | . . Haulers Reinforced . | . . Active Scanning Responses . | . . Cargo Convoy Interrupts . | . . Stealth | -11 -10 --------- Run | Yrd Mat Distress Signals 1 | . 1 Communications Jammed . | . . Distress Signals . | . . Times Spotted 16 | . 16 Peak Tracking Total 9 | . 9 Tactical Retreats . | . . Traps | -11 -10 ------- Run | Yrd Mat Traps Triggered 1 | . 1 Indirectly . | . . Trap Hack Attempts . | . . Triggered . | . . Disarmed . | . . Reprogrammed . | . . Reused . | . . Traps Extracted . | . . Installed . | . . Triggered . | . . Machines | -11 -10 ---------- Run | Yrd Mat Machines Disabled 1 | . 1 Max in Single Turn 1 | . 1 Machines Repaired . | . . Machines Dismantled . | . . Machines Sabotaged . | . . Overloaded Fab Kills . | . . Hacking | -11 -10 --------- Run | Yrd Mat Machines Accessed . | . . Terminals . | . . Fabricators . | . . Repair Stations . | . . Recycling Units . | . . Scanalyzers . | . . Garrison Access . | . . Total Hacks . | . . Successful . | . . Failed . | . . Catastrophic . | . . Database Lockouts . | . . Manual . | . . Terminals . | . . Fabricators . | . . Repair Stations . | . . Recycling Units . | . . Scanalyzers . | . . Garrison Access . | . . Terminal Hacks . | . . Fabricator Hacks . | . . Repair Station Hacks . | . . Recycling Unit Hacks . | . . Scanalyzer . | . . Garrison Access Hacks . | . . Unauthorized Hacks . | . . Terminals . | . . Fabricators . | . . Repair Stations . | . . Recycling Units . | . . Scanalyzers . | . . Garrison Access . | . . Data Cores Recovered . | . . Used . | . . Hacking Detections . | . . Full Trace Events . | . . Feedback Events . | . . Feedback Blocked . | . . Robot Schematics Acquired . | . . Robots Built . | . . Authchips . | . . Time . | . . Total Robot Build Rating . | . . Part Schematics Acquired . | . . Parts Built . | . . Authchips . | . . Time . | . . Total Part Build Rating . | . . Part Studies Acquired . | . . Parts Repaired . | . . Time . | . . Parts Recycled . | . . Recycled Matter . | . . Retrieved Matter . | . . Retrieved Components . | . . Parts Scanalyzed . | . . Part Schematics Acquired . | . . Parts Damaged . | . . Bothacking | -11 -10 ------------ Run | Yrd Mat Used RIF Installer . | . . Robots Hacked . | . . Non-combat . | . . Combat . | . . Robot Hacks Applied . | . . Relay Couplers Released . | . . Fabnet Peak Effective % . | . . Robots Rewired . | . . Allies Hacked . | . . Hacks Repelled . | . . Allies | -11 -10 -------- Run | Yrd Mat Total Allies . | . . Largest Group . | . . Highest-Rated Group . | . . Highest-Rated Ally . | . . Total Orders . | . . Ally Attacks . | . . Total Damage . | . . Kills . | . . Allies Corrupted . | . . Allies Melted . | . . Intel | -11 -10 ------- Run | Yrd Mat Active Infowar (turns) . | . . Robot Analysis Total . | . . Derelict Logs Recovered . | . . Drone Launches . | . . Drone Recoveries . | . . Exploration | -11 -10 ------------- Run | Yrd Mat Turns Passed 619 | 94 525 Spaces Moved 333 | 61 272 Core 17 | 15 2 Treads 199 | 34 165 Legs 84 | . 84 Wheels 33 | 12 21 Hover . | . . Flight . | . . Fastest Speed 50 | 50 95 Average Speed 138 | 117 142 Slowest Speed 200 | 160 200 Overloaded Moves . | . . Propulsion Burnouts . | . . Robots Hopped . | . . Potential Cave-ins . | . . Cave-ins Triggered . | . . Exploration Rate (%) 22 | 3 42 Regions Visited 1 Branch Regions . Pre-discovered Areas . | . . Known Exits Taken . | . . Unknown Exits Taken 1 | 1 . Scrap Searched . | . . Spaces Dug . | . . Terrain Destroyed 25 | . 25 Melee . | . . Projectile . | . . AOE 25 | . 25 Terrain Rammed . | . . Walls Destroyed . | . . Machines Disabled . | . . Actions | -11 -10 --------- Run | Yrd Mat Total 444 | 82 362 Wait 17 | . 17 Move 332 | 60 272 Hop . | . . Pick Up 23 | 8 15 Fast Attach 5 | 5 . Attach 6 | 1 5 Detach . | . . Swap 8 | 3 5 Drop 10 | 5 5 Fire 43 | . 43 Melee . | . . Ram . | . . Kick . | . . Crush . | . . Escape Stasis . | . . Rewire . | . . Trap . | . . Miscellaneous . | . . Route ------- -11/Scrapyard -10/Materials (discovered 1 exit: [*Sub]) History --------- Turn | Location | Event 11 | -11/Scrapyard | Discovered new exit (range 14) 95 | -11/Scrapyard | Entered Materials 221 | -10/Materials | Discovered new exit (range 5) 316 | -10/Materials | Build established: Mutant 415 | -10/Materials | Core integrity fell below 50% 465 | -10/Materials | Lost 5 parts (1p2n2w) 570 | -10/Materials | Core integrity fell below 20% 620 | -10/Materials | Destroyed by G-34 Mercenary with Small Laser Last Messages --------------- 00580_ Acquired 6 matter. 00581_ Acquired 2 matter. 00592_ U-05 Engineer lays Concrete. 00592_ Triggered Alarm Trap. 00592_ An alarm sounds. 00592_ ALERT: Alarm triggered, dispatching investigation squad. 00595_ Acquired Datajack. 00600_ U-05 Engineer builds a Wall. 00601_ R-06 Scavenger collects Terrain Scan Processor. 00605_ U-05 Engineer lays Concrete. 00605_ R-06 Scavenger collects Wheel. 00606_ U-05 Engineer lays Concrete. 00610_ R-06 Scavenger collects Ion Engine. 00612_ U-05 Engineer builds a Door. 00613_ U-05 Engineer builds a Wall. 00619_ R-06 Scavenger destroyed. 00619_ Aluminum Leg destroyed. 00620_ Grenade Launcher destroyed. Map ----- +----------------------------------------------------+ | ?????????????????????????????????? | | ?????????????????????????????????? | | ?????????????????????????????????? | | ?????????????????????????????????? | | ?????????????????????????????????? | | ?????????????????????????????????? | | ?????????????????????????????????? | | ????? ???????????????????????????? | | ??? ???????????????????????????? | | ??????????????????????????? | | ??????????????????????????? | | ??????????????????????????? | | ??????????????????????????? | | ??????????????????????????? | | ??????????????????????????? | | ????????##########????????? | | ######### #????????? | | # """ ########## | | # """""# # | | # """""# # | | + ! """""# # | | # """ # """ # | | ####### # # """"" # | | # # # """ " # | | % + !* # | | # |%= ######### @ | | *=[ ###### #???????# # | | ="""#???## ##??????# ## | | """#???# ####### u # | | """#???# ### | | #???# T ##? | | #######???# ##? | | ####??????# ######## g #?? | | #??????#######??????### !* ##?? | | #??????????????????????#%g #??? | | #??????????????????????+g #??? | | #??????????????????????# #??? | | #??????????????????????# #??? | | #??????????????????????# #??? | | #??????????????????????# #??? | | #??????????????????????# #??? | | #??????????????????????? #??? | | ##+#??????????????????????? #??? | | ?# #??????????????????????? #??? | | ## ##??????????????????????? ????? | | # #????????????????????????????? | | # #????????????????????????????? | | #####????????????????????????? | | # #????????????????????????? | | # #????????????????????????? | +----------------------------------------------------+ Best States ------------- Heat Dissipation 25 Energy Generation 14 Energy Capacity 160 Matter Stores 350 Matter Capacity 350 Sight Range 16 Terrain Scan Density 10 Evasion (%) 55 Recoil Reduction 2 Item Schematics ----------------- None Robot Schematics ------------------ None Fabricated ------------ Nothing Repaired ---------- Nothing Studied --------- None Alien Tech Used ----------------- None Achievements -------------- None Challenges ------------ None Game ------ Seed LayeredWarpDrive Manual? 0 Play Time 00:10:33 Cumulative 12.5 hours Start 2025.10.24 @ 16:49:41 End 2025.10.24 @ 17:01:58 Sessions 1 Manual Loads 0 Difficulty Rogue Special Mode None Game No. 40 Rogue 40 Adventurer 0 Explorer 0 Win Type - Total 0 Types 0/0/0/0/0/0/0/0/0/0 Lore% 8 Gallery% 16 Achievement% 13 Wizard Run 0 Options --------- Layout 1 ASCII 0 Keyboard 0 Movement Mouse Keybinds 0 Fullscreen 1 Font 32/SmallcapsGlow Map View 50x35 Zoom Use 0% Tactical HUD 1 Map Filters NONE Filters NONE Steam 1 RUN: dd5ca22e-19d3-4b1e-af1a-1121c85195eb